 Dungeon Crawl Stone Soup version 0.28-a0-1493-g08698888e4 (webtiles) character file.

Game seed: 3204408208481146354

74 bladeefan the Skirmisher (level 4, -19/37 HPs)
             Began as a Demonspawn Fighter on Jan 13, 2022.
             Demolished by an ogre (28 damage)
             ... on level 2 of the Dungeon.
             The game lasted 00:03:03 (2320 turns).

bladeefan the Skirmisher (Demonspawn Fighter)       Turns: 2320, Time: 00:03:03

Health: -19/37     AC:  6    Str: 18    XL:     4   Next: 9%
Magic:  4/4        EV:  9    Int: 10    God:
Gold:   81         SH: 13    Dex: 12    Spells: 3/3 levels left

rFire   . . .      SeeInvis .   a - +0 flail
rCold   . . .      Faith    .   c - +0 buckler
rNeg    + . .      Spirit   .   b - +0 scale mail
rPois   .          Reflect  +   (no helmet)
rElec   .          Harm     .   (no cloak)
rCorr   .          Rampage  .   (no gloves)
Will    .....                   (no boots)
Stlth   ..........              i - amulet of reflection
HPRegen 0.12/turn               m - ring of positive energy
MPRegen 0.09/turn               (no ring)

@: no status effects
A: large bone plates 1, foul stench 1
a: no special abilities


You were on level 2 of the Dungeon.
You visited 1 branch of the dungeon, and saw 3 of its levels.

You collected 81 gold pieces.

Inventory:

Hand Weapons
 a - a +0 flail (weapon)
Armour
 b - a +0 scale mail (worn)
 c - a +0 buckler (worn)
 e - an orb of energy
   (You found it on level 1 of the Dungeon)
 l - an orb of energy
   (You found it on level 2 of the Dungeon)
 n - a +2 hat
   (You found it on level 2 of the Dungeon)
Jewellery
 i - an amulet of reflection (around neck)
   (You found it on level 1 of the Dungeon)
 m - a ring of positive energy (left hand)
   (You found it on level 2 of the Dungeon)
Scrolls
 d - a scroll of enchant weapon {unknown}
 f - a scroll of noise {unknown}
 h - 2 scrolls of identify {unknown}
 j - a scroll of teleportation {unknown}
 k - a scroll of summoning {unknown}
Potions
 g - a potion of attraction {unknown}
 o - a potion of mutation {unknown}


   Skills:
 * Level 3.9 Fighting
 + Level 2.3 Maces & Flails
 + Level 3.1 Armour
 + Level 3.1 Shields


You had 3 spell levels left.
You didn't know any spells.
Your spell library contained the following spells:

 Spells                   Type           Power      Damage    Failure   Level
 Ozocubu's Armour         Ice            0%         N/A       99%         3
 Ozocubu's Refrigeration  Ice            0%         4d5       100%        7


Dungeon Overview and Level Annotations

Branches:
Dungeon (3/15)

Altars:


Innate Abilities, Weirdness & Mutations

You are partially covered in large bone plates. (SH +4)
You may rarely emit foul miasma when damaged in melee.


Message History

You block the adder's attack. Natasha barely misses you.
You climb upwards.
There is a stone staircase leading down here.
You barely miss the adder. You block the adder's attack. Natasha claws you.
The adder bites you but does no damage.
You completely miss the adder. You block the adder's attack. Natasha claws you.
You hit the adder. The adder barely misses you. Natasha barely misses you.
You block the adder's attack.
You miss the adder. Natasha claws you but does no damage.
You block the adder's attack. Natasha claws you but does no damage.
The adder bites you but does no damage.
You thump the adder!
You kill the adder!
You block Natasha's attack.
You thump Natasha! You block Natasha's attack.
You miss Natasha. Natasha barely misses you. Natasha closely misses you.
You closely miss Natasha. Natasha barely misses you.
You sock Natasha!
You kill Natasha!
Natasha screams in pain as she dies!
You have reached level 4!
You feel clever.
Your demonic ancestry asserts itself...
You begin to emit a foul stench of rot and decay.
You see here the felid corpse of Natasha.
You see here the felid corpse of Natasha.
There is a stone staircase leading down here.
You start resting.
You climb downwards.
You block the adder's attack. The ball python barely misses you.
The ball python grabs you. The ball python constricts you.
You block the ogre's attack. You block the adder's attack.
You block the ball python's attack. The ball python constricts you.
There is a stone staircase leading up here.
You escape the ball python's grasp.
You block the adder's attack. The ogre hits you with a +0 giant club!
You climb upwards.
There is a stone staircase leading down here.
You hit the adder. You block the ball python's attack.
The ball python barely misses you. The adder bites you but does no damage.
You block the ball python's attack. The ball python barely misses you.
The ogre hits you with a +0 giant club!
* * * LOW HITPOINT WARNING * * *
The adder barely misses you.
Okay, then.
You hit the adder but do no damage. You block the adder's attack.
The ball python bites you but does no damage.
You block the ball python's attack.
The ogre hits you with a +0 giant club!!
Ouch! That really hurt!
You die...

##### #.........# #...# #####
#.#######.# ###...####...## #.#
#####.####
#.......#.....###.###.....(..##
#.............##...##.###.##...
#.......#......................
###...###..............###.###.
#..># #.#####S#.##...# #.# #.
##.## #....O@S#.###### #.###.
#.# #########.# #..... ###.###
##'## ###.## #.....## ##...##
#... #......# ##..<..## #####
#......## ##.......## ##....
#.(.....####.†.......####...##
#..........'.........'........
#####...####.........####...##


You could see an ogre, an adder and a ball python.

Vanquished Creatures
  Natasha (D:2)
  An adder (D:2)
  3 worms (D:2)
  3 ball pythons
  3 endoplasms (D:1)
  A giant cockroach (D:1)
  2 hobgoblins
  3 jackals (D:2)
  2 kobolds
  2 bats
  2 frilled lizards (D:1)
  3 goblins
  8 rats
34 creatures vanquished.

Notes
Turn   | Place    | Note
-------+----------+-------------------------------------------
     0 | D:1      | bladeefan the Demonspawn Fighter began the quest for the
                  | Orb.
     0 | D:1      | Reached XP level 1. HP: 18/18 MP: 1/1
   723 | D:1      | Gained mutation: You are partially covered in large bone
                  | plates. (SH +4) [demonic ancestry]
   723 | D:1      | Reached XP level 2. HP: 21/24 MP: 2/2
   784 | D:1      | Found a faded altar of an unknown god.
  1470 | D:2      | Reached XP level 3. HP: 29/29 MP: 3/3
  2279 | D:3      | Noticed Natasha
  2279 | D:3      | Noticed an ogre
  2290 | D:2      | Killed Natasha
  2291 | D:2      | Gained mutation: You may rarely emit foul miasma when
                  | damaged in melee. [demonic ancestry]
  2291 | D:2      | Reached XP level 4. HP: 34/37 MP: 4/4
  2320 | D:2      | Demolished by an ogre

Illustrated notes

Levels and vault maps discovered:
D:1:      heliophobic_arrival_henge, layout_basic,
          hellmonk_ecumenical_altar_lost_god
D:2:      layout_loops_corners
D:3:      layout_rooms, makhleb_altar_promises_db, serial_shops,
          nicolae_square_shop, shop, uniq_jessica, uniq_natasha

Skill      XL: |  1  2  3 |
---------------+----------+-----
Maces & Flails | 2 |  2.3
Armour         | 3 |  3.1
Shields        | 3 |  3.1
Fighting       | |  3.9

Action                   |  1- 3 |  4- 6 || total
-------------------------+-------+-------++-------
Melee: Flail             |   126 |     2 ||   128
  Use: Potion            |     1 |       ||     1
Armor: Scale mail        |    48 |     2 ||    50
Dodge: Dodged            |    41 |     4 ||    45
Block: Buckler           |    44 |     9 ||    53

Table legend: (Time is in decaauts)
 A = Elapsed time spent in this place.
 B = Non-inter-level travel time spent in this place.
 C = Inter-level travel time spent in this place.
 D = Time resting spent in this place.
 E = Time spent auto-exploring this place.
 F = Levels seen in this place.
 G = Mean time per level.
                   A        B        C        D        E       F      G
               +--------+--------+--------+--------+--------+-----+--------+
         Total |   2364 |   2287 |     77 |    354 |   1594 |   3 |  788.0 |
       Dungeon |   2364 |   2287 |     77 |    354 |   1594 |   3 |  788.0 |
               +--------+--------+--------+--------+--------+-----+--------+

Top non-repeatable levels by time:
     D:1: 1266 daAuts
     D:2: 1093 daAuts
     D:3: 4 daAuts
